 Dungeon Crawl Stone Soup version 0.27-a0-1290-g15d3ce7508 (webtiles) character file.

Game seed: 17077108463651035900

2098 Glokmah the Chiller (level 9, 0/63 (64) HPs)
             Began as a Demonspawn Ice Elementalist on June 15, 2021.
             Was an Initiate of Uskayaw.
             Slain by an orc warrior zombie (2 damage)
             ... on level 4 of the Dungeon.
             The game lasted 00:18:57 (7436 turns).

Glokmah the Chiller (Demonspawn Ice Elementalist)   Turns: 7436, Time: 00:18:57

HP:   0/63 (64)     AC: 11    Str:  9 (11) XL:     9   Next: 7%
MP:   7/14          EV: 12    Int: 15 (16) God:    Uskayaw [......]
Gold: 317           SH:  0    Dex: 14 (15) Spells: 6/15 levels left

rFire    + + .     SeeInvis .   a - +0 dagger (venom)
rCold    + . .     Faith    .   (no shield)
rNeg     . . .     Spirit   .   n - +2 leather armour {rF+}
rPois    +         Reflect  .   (no helmet)
rElec    +         Harm     .   x - +0 cloak
rCorr    +         Rampage  .   j - +0 pair of gloves
Will     .....                  (no boots)
Stlth    +.........             (no amulet)
HPRegen  0.20/turn              (no ring)
MPRegen  0.14/turn              (no ring)

@: silenced, resistant, lightly drained
A: hooves 2, yellow scales 3, powered by pain 1, demonic magic 1
a: Renounce Religion


You were on level 4 of the Dungeon.
You worshipped Uskayaw.
Uskayaw was noncommittal.
You visited 2 branches of the dungeon, and saw 7 of its levels.

You collected 317 gold pieces.

Inventory:

Hand Weapons
 a - a +0 dagger of venom (weapon)
 b - a +1 dagger of flaming
 r - a +0 short sword of electrocution
Missiles
 p - 5 silver boomerangs
 q - 28 poisoned darts (quivered)
 u - 7 javelins
Armour
 f - the +4 leather armour of the Raven {+Blink}
   (You took it off a gnoll on level 4 of the Dungeon)

   It lets you blink.
 j - a +0 pair of gloves (worn)
 n - a +2 leather armour of fire resistance (worn)
 x - a +0 cloak (worn)
Magical Staves
 c - a staff of cold
Wands
 k - a wand of paralysis (5)
 o - a wand of flame (6)
Scrolls
 h - 3 scrolls of identify
 i - a scroll of vulnerability
 w - a scroll of magic mapping {unknown}
Potions
 d - a potion of invisibility {unknown}
 g - a potion of flight
 m - a potion of degeneration
 s - a potion of mutation {unknown}
 t - a potion of magic {unknown}


   Skills:
 + Level 3.2 Fighting
 * Level 4.0 Short Blades
 + Level 3.5 Dodging
 * Level 4.3 Stealth
 + Level 3.8 Spellcasting
 * Level 4.8 Conjurations
 * Level 6.0 Ice Magic
 * Level 4.5 Invocations


You had 6 spell levels left.
You knew the following spells:

 Your Spells              Type           Power      Damage    Failure   Level
a - Freeze                Ice            80%        1d9       2%          1
b - Searing Ray           Conj           34%        3d4       5%          2
c - Frozen Ramparts       Ice            40%        1d6       7%          3
d - Ozocubu's Armour      Ice            20%        N/A       7%          3

Your spell library contained the following spells:

 Spells                   Type           Power      Damage    Failure   Level
 Magic Dart               Conj           68%        1d6       3%          1
 Dazzling Flash           Conj/Hex       20%        N/A       28%         3
 Hailstorm                Conj/Ice       19%        3d6       28%         4
 Fulminant Prism          Conj/Hex       5%         3d7       67%         4
 Iskenderun's Mystic Bla  Conj/Tloc      10%        2d4       67%         4
 Metabolic Englaciation   Hex/Ice        5%         N/A       91%         5


Dungeon Overview and Level Annotations

Branches:
Dungeon (6/15)             Temple (1/1) D:4

Altars:
Ashenzari
Cheibriados
Dithmenos
Elyvilon
Fedhas
Gozag
Hepliaklqana
Kikubaaqudgha
Nemelex Xobeh
Okawaru
Qazlal
Ru
Sif Muna
Trog
Uskayaw
Vehumet
Wu Jian
Yredelemnul
Zin
The Shining One

Shops:
D:4 =   D:6 =


Innate Abilities, Weirdness & Mutations

You have hoof-like feet.
You are completely covered in yellow scales. (AC +4, rCorr)
You sometimes gain a little power by taking damage.
Spells you cast may paralyse adjacent enemies.


Message History

The gnoll sergeant zombie barely misses you.
As you read the scroll labelled DOSOIF WEYR, it crumbles to dust.
A profound silence engulfs you.
It was a scroll of silence.
The orc warrior zombie hits you but does no damage.
You are poisoned.
The ogre zombie hits you with a +0 giant club of venom!
* * * LOW HITPOINT WARNING * * *
The gnoll sergeant zombie closely misses you.
Okay, then.
You feel better.
The orc warrior zombie closely misses you.
Okay, then.
Okay, then.
There is a transporter landing site here.
The gnoll sergeant zombie closely misses you.
Really walk into a travel-excluded area?
Unknown command.
Unknown command.
The orc warrior zombie misses you.
The gnoll sergeant zombie hits you from afar with a +2 trident of venom.
* * * LOW HITPOINT WARNING * * *
There is an open gate, spattered with blood here.
Unknown command.
You see here 16 gold pieces.
You see here 16 gold pieces.
You now have 317 gold pieces (gained 16).
The orc warrior zombie hits you but does no damage.
The gnoll sergeant zombie hits you but does no damage.
There is a transporter here.
You enter the transporter and appear at another place.
The ogre zombie hits you with a +0 giant club of venom!
* * * LOW HITPOINT WARNING * * *
The orc warrior zombie hits you with a +0 long sword of venom.
* * * LOW HITPOINT WARNING * * *
Okay, then.
It was a potion of degeneration.
There was something very wrong with that liquid.
You feel weakened.
You feel dopey.
You feel clumsy.
The orc warrior zombie hits you with a +0 long sword of venom.
You die...

#.#.#...............')
#.#.......#.#.).....#)
#.#.#..........#....#.
#.#.#>#######.........
#.#...#○☼○○○#########.
#.###.#°○°○°#○○°°°.##.
#.....#○○.○☼#.°°..°#..
###..Z#.Z.°○☼.#.#°°#..
#..@#§(.○°☼...©☼○#©.
##.Z#$$..☼°.#.#○°#..
####○☼○°☼#.○☼○○°##.
##°☼°☼☼#○○○.°○##.
#○°○○☼#########.
####### #. #. #######.
#.......


You could see a gnoll sergeant zombie (inner flame), an orc warrior zombie
(inner flame) and an ogre zombie (inner flame).

Vanquished Creatures
  A wyvern (D:4)
  Eustachio (D:6)
  Edmund (D:6)
  A water moccasin (D:5)
  3 sky beasts
  A black bear (D:6)
  2 necrophages
  A hornet zombie (D:6)
  4 ogres
  A kobold brigand (D:6)
  A bullfrog zombie (D:6)
  3 hounds
  Crazy Yiuf (D:6)
  An orc priest (D:4)
  2 iguanas (D:6)
  2 orc wizards
  Terence (D:3)
  A howler monkey zombie (D:6)
  7 gnolls
  6 adders
  A white imp (D:5)
  An adder skeleton (D:4)
  3 worms
  A dart slug (D:4)
  11 orcs
  9 ball pythons
  4 endoplasms
  5 giant cockroaches
  6 goblins
  5 hobgoblins
  12 jackals
  10 kobolds
  6 quokkas
  8 bats
  3 rats
126 creatures vanquished.

Notes
Turn   | Place    | Note
-------+----------+-------------------------------------------
     0 | D:1      | Glokmah the Demonspawn Ice Elementalist began the quest for
                  | the Orb.
     0 | D:1      | Reached XP level 1. HP: 13/13 MP: 3/3
   310 | D:1      | Gained mutation: You are partially covered in yellow
                  | scales. (AC +2) [demonic ancestry]
   310 | D:1      | Reached XP level 2. HP: 20/20 MP: 1/5
   432 | D:1      | Learned a level 2 spell: Searing Ray
   887 | D:1      | Found a faded altar of an unknown god.
   962 | D:1      | Reached skill level 4 in Ice Magic
  1204 | D:2      | Reached skill level 1 in Conjurations
  1275 | D:2      | Gained mutation: Spells you cast may paralyse adjacent
                  | enemies. [demonic ancestry]
  1275 | D:2      | Reached XP level 3. HP: 23/25 MP: 1/6
  1344 | D:2      | Learned a level 3 spell: Frozen Ramparts
  2011 | D:3      | Reached skill level 1 in Fighting
  2158 | D:3      | Gained mutation: You have large cloven feet. [demonic
                  | ancestry]
  2158 | D:3      | Reached XP level 4. HP: 32/32 MP: 5/7
  2536 | D:3      | Found a sacrificial altar of Ru.
  2661 | D:3      | Noticed Terence
  2669 | D:3      | Killed Terence
  3094 | D:4      | Found a transporter.
  3269 | D:4      | Found a transporter.
  3365 | D:4      | Noticed a wyvern
  3373 | D:4      | Killed a wyvern
  3374 | D:4      | Reached skill level 1 in Short Blades
  3374 | D:4      | Gained mutation: You sometimes gain a little power by
                  | taking damage. [demonic ancestry]
  3374 | D:4      | Reached XP level 5. HP: 37/37 MP: 1/9
  3374 | D:4      | Gained mutation: You are mostly covered in yellow scales.
                  | (AC +3) [demonic ancestry]
  3374 | D:4      | Reached XP level 6. HP: 43/43 MP: 1/10
  3411 | D:4      | Identified the +4 leather armour of the Raven {+Blink}
  3433 | D:4      | Learned a level 3 spell: Ozocubu's Armour
  3718 | D:4      | Gained mutation: You have hoof-like feet. [demonic
                  | ancestry]
  3718 | D:4      | Reached XP level 7. HP: 50/50 MP: 3/11
  3815 | D:4      | Found a staircase to the Ecumenical Temple.
  3841 | Temple   | Entered the Ecumenical Temple
  4151 | Temple   | Became a worshipper of Uskayaw the Reveller
  4313 | D:4      | Found Cenubyna's Jewellery Shoppe.
  4415 | D:4      | Reached * piety under Uskayaw
  4723 | D:5      | Entered Level 5 of the Dungeon
  4885 | D:5      | Reached ** piety under Uskayaw
  4887 | D:5      | Reached skill level 5 in Ice Magic
  4887 | D:5      | Reached skill level 1 in Invocations
  4935 | D:5      | Reached *** piety under Uskayaw
  5274 | D:5      | Reached **** piety under Uskayaw
  5275 | D:5      | Gained mutation: You are completely covered in yellow
                  | scales. (AC +4, rCorr) [demonic ancestry]
  5275 | D:5      | Reached XP level 8. HP: 55/57 MP: 0/12
  5283 | D:5      | Reached ***** piety under Uskayaw
  6146 | D:6      | Noticed Edmund
  6209 | D:6      | Killed Edmund
  6271 | D:6      | Noticed Eustachio
  6318 | D:6      | Killed Eustachio
  6698 | D:6      | Found Mehimaku's Jewellery Shop.
  6776 | D:6      | Reached XP level 9. HP: 64/64 MP: 10/14
  6968 | D:6      | Reached skill level 6 in Ice Magic
  7078 | D:6      | Found a runed translucent door.
  7079 | D:6      | Noticed Crazy Yiuf
  7086 | D:6      | Killed Crazy Yiuf
  7435 | D:4      | HP: 2/63 [orc warrior zombie (4)]
  7436 | D:4      | Slain by an orc warrior zombie

Illustrated notes

Levels and vault maps discovered:
D:1:      dpeg_arrival_subterranean_lakeside_camping, layout_basic,
          basic_ecumenical_altar
D:2:      layout_basic
D:3:      layout_loops_ring, lemuel_crystal_altar, uniq_terence
D:4:      gammafunk_cloud_chamber, layout_basic, minmay_temple_entry_large_hall,
          serial_shops, shop, serial_glass, glass_columns_b, glass_columns_a
D:5:      layout_loops_ring
D:6:      layout_basic, nicolae_elyvilon_peaceful_grove, serial_shops,
          nicolae_shop_trees, uniq_edmund, uniq_eustachio,
          uniq_crazy_yiuf_cottage
Temple:   eino_narrow_crystal_temple

Skill      XL: |  1  2  3  4  5  6  7  8  9 |
---------------+----------------------------+-----
Dodging        | 2 3 |  3.5
Ice Magic      | 4 5 6 |  6.0
Conjurations   | 1 2 3 4 |  4.8
Fighting       | 1 2 3 |  3.2
Short Blades   | 1 2 3 4 |  4.0
Stealth        | 2 3 4 |  4.3
Spellcasting   | 3 |  3.8
Invocations    | 2 4 |  4.5

Action                   |  1- 3 |  4- 6 |  7- 9 || total
-------------------------+-------+-------+-------++-------
Melee: Unarmed           |     1 |       |       ||     1
       Dagger            |    29 |    53 |    90 ||   172
       Kick              |       |    18 |    18 ||    36
Throw: Dart              |       |       |     2 ||     2
 Cast: Freeze            |    49 |    22 |    29 ||   100
       Frozen Ramparts   |     3 |     8 |    22 ||    33
       Searing Ray       |       |     4 |     7 ||    11
       Ozocubu's Armour  |       |       |     8 ||     8
Invok: Stomp             |       |       |     1 ||     1
  Use: Scroll            |       |     9 |     2 ||    11
       Potion            |       |       |     4 ||     4
 Stab: Sleeping          |     5 |     2 |     4 ||    11
       Paralysed         |     7 |    21 |    21 ||    49
       Distracted        |       |       |     1 ||     1
Armor: Robe              |     3 |       |       ||     3
       Leather armour    |    13 |    19 |    62 ||    94
Dodge: Dodged            |    43 |    15 |    98 ||   156

Table legend: (Time is in decaauts)
 A = Elapsed time spent in this place.
 B = Non-inter-level travel time spent in this place.
 C = Inter-level travel time spent in this place.
 D = Time resting spent in this place.
 E = Time spent auto-exploring this place.
 F = Levels seen in this place.
 G = Mean time per level.
                   A        B        C        D        E       F      G
               +--------+--------+--------+--------+--------+-----+--------+
         Total |   7427 |   6677 |    750 |    415 |   5107 |   7 | 1061.0 |
       Dungeon |   7102 |   6417 |    685 |    415 |   4851 |   6 | 1183.7 |
        Temple |    325 |    260 |     65 |      0 |    256 |   1 |  325.0 |
               +--------+--------+--------+--------+--------+-----+--------+

Top non-repeatable levels by time:
     D:6: 1544 daAuts
     D:4: 1434 daAuts
     D:1: 1147 daAuts
     D:3: 1125 daAuts
     D:5: 993 daAuts
     D:2: 856 daAuts
  Temple: 325 daAuts
